 Dungeon Crawl Stone Soup version 0.18.0-1-g0107ab7 (webtiles) character file.

55 esojarj the Shooter (level 3, 0/24 HPs)
             Began as a High Elf Hunter on May 5, 2016.
             Slain by a giant gecko (1 damage)
             ... on level 2 of the Dungeon.
             The game lasted 00:14:28 (2049 turns).

esojarj the Shooter (High Elf Hunter)               Turns: 2049, Time: 00:14:29

Health: 0/24       AC:  3    Str: 11    XL:     3   Next: 67%
Magic:  4/4        EV: 13    Int: 15    God:
Gold:   49         SH:  0    Dex: 16    Spells: 0 memorised, 2 levels left

rFire  . . .     SeeInvis .     b - +0 short sword
rCold  . . .     Gourm    .     c - +0 leather armour
rNeg   . . .     Faith    .     (no shield)
rPois  .         Spirit   .     (no helmet)
rElec  .         Dismiss  .     (no cloak)
rCorr  .         Reflect  .     (no gloves)
SustAt .         Harm     .     (no boots)
MR     .....                    (no amulet)
Stlth  ++........               (no ring)
                                (no ring)

@: not resistant to hostile enchantments, unstealthy
A: no striking features
a: no special abilities


You were on level 2 of the Dungeon.
You were not hungry.

You visited 1 branch of the dungeon, and saw 2 of its levels.

You collected 49 gold pieces.

Inventory:

Hand Weapons
 a - a +1 shortbow
 b - a +0 short sword (weapon)
Missiles
 d - 4 arrows
Armour
 c - a +0 leather armour (worn)
Scrolls
 e - 3 scrolls of identify {unknown}
 f - a scroll of immolation {unknown}
 g - 5 scrolls of teleportation {unknown}
 h - a scroll of fog {unknown}
 j - a scroll of enchant armour {unknown}
 k - a scroll of remove curse {unknown}
Potions
 i - a potion of beneficial mutation {unknown}
 l - a potion of heal wounds {unknown}
 m - a potion of brilliance {unknown}
Comestibles
 n - 2 bread rations
 o - a slice of pizza


   Skills:
 + Level 2.2 Fighting
 - Level 6.3 Bows
 + Level 1.0 Armour
 + Level 2.9 Dodging
 - Level 1.1 Stealth


You had 2 spell levels left.
You didn't know any spells.

Dungeon Overview and Level Annotations

Branches:
Dungeon (2/15)

Altars:


Message History

You are too injured to fight recklessly!
You are too injured to fight recklessly!
You are too injured to fight recklessly!
You are too injured to fight recklessly!
You are too injured to fight recklessly!
You are too injured to fight recklessly!
Found an escape hatch in the ceiling.
A giant gecko comes into view.
The giant gecko bites you.
* * * LOW HITPOINT WARNING * * *
You closely miss the giant gecko. The giant gecko bites you.
* * * LOW HITPOINT WARNING * * *
The giant gecko closely misses you.
You barely miss the giant gecko. The giant gecko misses you.
You hit the giant gecko but do no damage.
The giant gecko closely misses you.
You hit the giant gecko.
The giant gecko is severely wounded.
The giant gecko closely misses you. The giant gecko bites you.
You die...

###..#
#.######.#..........##.#
#..# #.#
##.#...#####.##... #...
..# #...w...........#.
#.## ##
#.###..########... #.#
#..# ##.# #w# #.(# #.#
#.# #..# #.# #w###..#
#.# ### #@.....# #w# ..#
.......l.###... ..# ..#
........<# ### ###
########.# # .# .#
######## .. .......# .#
######<########


You could see a worm, a dart slug and a giant gecko.

Vanquished Creatures
  An ooze (D:1)
  3 dart slugs (D:1)
  4 giant geckos
  5 bats
  A giant cockroach (D:2)
  5 goblins
  5 hobgoblins
  7 kobolds
  A quokka (D:2)
  A ball python (D:1)
  2 giant newts (D:1)
  3 rats
38 creatures vanquished.

Vanquished Creatures (others)
  A giant newt (D:1)
1 creature vanquished.

Grand Total: 39 creatures vanquished

Notes
Turn   | Place    | Note
--------------------------------------------------------------
     0 | D:1      | esojarj the High Elf Hunter began the quest for the Orb.
     0 | D:1      | Reached XP level 1. HP: 14/14 MP: 2/2
   146 | D:1      | Reached XP level 2. HP: 7/19 MP: 3/3
   279 | D:1      | Reached skill level 6 in Bows
   627 | D:1      | Reached XP level 3. HP: 24/24 MP: 4/4
  1921 | D:2      | Reached skill level 1 in Armour
  2046 | D:2      | HP: 1/24 [giant gecko (2)]
  2049 | D:2      | Slain by a giant gecko

Skill      XL: |  1  2  3 |
---------------+----------+-----
Bows           | 6 |  6.3
Armour         | 1 |  1.0
Fighting       | |  2.2
Dodging        | |  2.9
Stealth        | |  1.1

Action                   || total
-------------------------++-------
Melee: Short sword       ||    19
       Shortbow          ||     2
 Fire: Shortbow          ||    99
  Use: Scroll            ||     1
  Eat: Bread ration      ||     1
Armor: Leather armour    ||    18
Dodge: Dodged            ||    60
